 Dungeon Crawl Stone Soup version bcrawl-1.37.2 (webtiles) character file.

Game seed: 925575297312135711

123732 Mehrunes the Firebug (level 4, -1/25 HPs)
             Began as an Avariel Fire Elementalist on Nov 5, 2022.
             Killed by divine providence
             ... invoked by an orc priest
              (12 damage)
             ... on level 2 of the Dungeon.
             The game lasted 00:02:58 (2056 turns).

Mehrunes the Firebug (Avariel Fire Elementalist)    Turns: 2056, Time: 00:02:59

Health: -1/25      AC:  4    Str:  6    XL:     4   Next: 54%
Magic:  6/11       EV: 13    Int: 22    God:
Gold:   292        SH:  0    Dex: 13    Spells: 9/10 levels left

rFire    x . .     GDR:     25% g - +2 whip (flame)
rCold    + . .     SeeInvis .   (no shield)
rNeg     . . .     Gourm    .   a - +0 robe
rPois    .         Faith    .   p - +0 helmet
rElec    .         Spirit   .   m - +0 cloak
rCorr    .         Reflect  .   (no gloves)
MR       +....                  (no boots)
Stlth    ++........             o - amulet of Liberty {Inacc rF- rC+ MR+} (curse)
HPRegen  0.14/turn              (no ring)
MPRegen  0.12/turn              (no ring)

@: no status effects
A: no striking features
a: no special abilities


You were on level 2 of the Dungeon.
You were not hungry.

You visited 1 branch of the dungeon, and saw 3 of its levels.

You collected 292 gold pieces.

Inventory:

Hand Weapons
 g - a +2 whip of flaming (weapon)
Missiles
 d - 966 stones (quivered)
Armour
 a - a +0 robe (worn)
 m - a +0 cloak (worn)
 p - a +0 helmet (worn)
Jewellery
 o - the cursed amulet of Liberty (around neck) {Inacc rF- rC+ MR+}
   (You found it on level 2 of the Dungeon)

   [amulet of inaccuracy]

   It reduces the accuracy of all your attacks.
   It makes you vulnerable to fire.
   It protects you from cold.
   It affects your resistance to hostile enchantments.
   It has a curse placed upon it.
Wands
 c - a wand of flame (4)
Scrolls
 b - a scroll of immolation {unknown}
 f - a scroll of teleportation {unknown}
 j - a scroll of magic mapping {unknown}
Potions
 h - a potion of might {unknown}
 i - a potion of brilliance {unknown}
 k - 2 potions of heal wounds {unknown}
 l - 2 potions of cancellation {unknown}
Comestibles
 e - 6 rations {!d}
 n - 9 chunks of flesh


   Skills:
 + Level 1.3 Fighting
 + Level 3.1 Dodging
 - Level 2.1 Stealth
 + Level 3.5 Spellcasting
 + Level 2.5 Conjurations
 + Level 3.8 Fire Magic


You had 9 spell levels left.
You knew the following spells:

 Your Spells              Type           Power        Failure   Level  Hunger
a - Flame Tongue          Conj/Fire      ###..        3%          1    None

Your spell library contained the following spells:

 Spells                   Type           Power        Failure   Level  Hunger
 Flaming Arrows           Chrm/Fire      ##......     9%          2    None
 Conjure Flame            Conj/Fire      ###.....     10%         3    ####...
 Inner Flame              Hex/Fire       N/A          16%         3    ####...
 Sticky Flame             Conj/Fire      ###.....     30%         4    #####..
 Fireball                 Conj/Fire      ###.......   65%         5    ######.


Dungeon Overview and Level Annotations

Branches:
Dungeon (3/12)

Altars:
Gozag


Message History

The flame tongue misses the orc.
The orc priest misses you. The orc hits you but does no damage.
The orc barely misses you.
Casting: Flame Tongue (safe; 3% risk of failure)
Confirm with . or Enter, or press ? or * to list all spells.
Aiming: Flame Tongue (safe; 3% risk of failure)
Press: ? - help, Shift-Dir - straight line, f/p - orc
Aim: an orc, wielding a -1 whip (almost dead)
The flame tongue hits the orc.
You kill the orc!
The orc priest hits you with a +0 flail.
The orc hits you but does no damage.
Casting: Flame Tongue (safe; 3% risk of failure)
Confirm with . or Enter, or press ? or * to list all spells.
Aiming: Flame Tongue (safe; 3% risk of failure)
Press: ? - help, Shift-Dir - straight line, f - orc
Aim: an orc, wielding a +0 short sword The flame tongue misses the orc.
The orc priest invokes the aid of Beogh against you.
Beogh smites you!
You die...

...#..............##....#######
.###.............###..≈≈≈≈≈≈≈≈#
..##.≈≈≈.........# #.≈.≈≈≈≈≈#≈#
.#.#..≈#.........# #≈≈≈≈≈≈≈##
≈##.##...........# #.≈≈.≈≈##
≈≈####.....>.....# #..≈≈.## .≈#
≈####........# #..≈≈≈≈# ..##≈#
#......oo# #.≈≈≈≈.# ≈.#≈≈#
#......)@# #.≈≈.≈.# ≈.#≈#
############.≈≈≈..## ≈.≈≈#
############..≈≈≈≈..#####
.≈≈#####............≈≈≈≈≈≈.....#
#≈###.÷..###########≈≈≈≈≈≈######
...)..#### #.≈≈≈≈.# #######
#≈≈≈≈≈.# #.≈≈≈..# #####≈≈≈≈≈#


You could see an orc priest and an orc.

Vanquished Creatures
  An adder (D:3)
  An ooze (D:3)
  3 worms
  A dart slug (D:1)
  7 leopard geckos
  3 orcs
  A ball python (D:1)
  2 giant cockroaches (D:1)
  7 goblins
  5 hobgoblins
  2 jackals (D:3)
  A bat (D:1)
  4 frilled lizards (D:2)
  5 kobolds
  15 rats
58 creatures vanquished.

Notes
Turn   | Place    | Note
-------+----------+-------------------------------------------
     0 | D:1      | Mehrunes the Avariel Fire Elementalist began the quest for
                  | the Orb.
     0 | D:1      | Reached XP level 1. HP: 10/10 MP: 6/6
   128 | D:1      | Reached XP level 2. HP: 16/16 MP: 5/7
   723 | D:1      | Reached XP level 3. HP: 20/20 MP: 5/9
  1093 | D:2      | Reached skill level 1 in Fighting
  1228 | D:2      | Got a faintly glowing sapphire amulet
  1229 | D:2      | Identified the cursed amulet of Liberty {Inacc rF- rC+ MR+}
                  | (You found it on level 2 of the Dungeon)
  1415 | D:2      | Found an opulent altar of Gozag.
  1782 | D:3      | Reached XP level 4. HP: 25/25 MP: 3/11
  2056 | D:2      | Killed from afar by an orc priest

Skill      XL: |  1  2  3  4 |
---------------+-------------+-----
Spellcasting   | 3 |  3.5
Conjurations   | 2 |  2.5
Fighting       | 1 |  1.3
Dodging        | 3 |  3.1
Stealth        | |  2.1
Fire Magic     | |  3.8

Action                   |  1- 3 |  4- 6 || total
-------------------------+-------+-------++-------
Melee: Whip              |     1 |       ||     1
 Cast: Flame Tongue      |    84 |    23 ||   107
  Eat: Chunk             |     4 |     1 ||     5
Armor: Robe              |     3 |     3 ||     6
Dodge: Dodged            |    24 |     7 ||    31
